General information
- name: BNet
- type: Ladder team game (AT/RT)
- host: Battle.net
- saver: Blahsmack
map: SilverpineForest
- players: 6
- length: 79:09
- speed: Fast
- version: 1.21 W3XP
- replay type: Public
» download(314 KB)
Players
team 1 (winner)
EMOboii.Rbrn (
green | 27 APM | 2123 actions | 78:46)
5 Blademaster
3 Wind Walk
2 Critical Strike
» actions
| Assign group hotkey | 1 | |
| Basic commands | 28 | |
| Build / train | 39 | |
| Enter build submenu | 16 | |
| Enter hero's abilities submenu | 5 | |
| Right click | 1526 | |
| Select / deselect | 448 | |
| Select group hotkey | 1 | |
| Use ability | 57 | |
2123 total
» units
» upgrades
» buildings
| Altar of Storms | 2 | |
| Barracks | 1 | |
| Orc Burrow | 6 | |
| Stronghold | 1 | |
| Voodoo Lounge | 1 | |
| Fortress | 1 | |
| War Mill | 1 | |
| Tauren Totem | 2 | |
15 total
» build order
00:07 Altar of Storms
00:16 Barracks
00:20 Orc Burrow
02:18 Orc Burrow
02:52 Stronghold
03:53 Voodoo Lounge
05:10 Orc Burrow
05:14 Fortress
06:28 War Mill
08:06 Tauren Totem
08:11 Tauren Totem
10:39 Orc Burrow
11:55 Orc Burrow
18:32 Altar of Storms
18:58 Orc Burrow
» items
| Healing Salve | 1 | |
| Lesser Clarity Potion | 1 | |
| Orb of Lightning | 1 | |
3 total
AzN_KetChuP (
yellow | 63 APM | 2077 actions | 33:04)
9 Archmage
3 Summon Water Elemental
3 Brilliance Aura
2 Blizzard
1 Mass Teleport
5 Mountain King
3 Storm Bolt
1 Bash
1 Thunder Clap
» actions
| Assign group hotkey | 86 | |
| Basic commands | 253 | |
| Build / train | 144 | |
| ESC pressed | 2 | |
| Enter build submenu | 29 | |
| Enter hero's abilities submenu | 14 | |
| Give item / drop item | 3 | |
| Right click | 539 | |
| Select / deselect | 463 | |
| Select group hotkey | 377 | |
| Use ability | 167 | |
2077 total
» units
| Peasant | 22 | |
| Rifleman | 20 | |
| Mortar Team | 13 | |
| Goblin Shredder | 1 | |
| Knight | 4 | |
| Siege Engine | 2 | |
62 total
» upgrades
| Lumber Harvesting | 1 | |
| Long Rifles | 1 | |
| Gunpowder | 3 | |
| Fragmentation Shards | 1 | |
| Armor | 2 | |
| Flare | 1 | |
| Animal War Training | 1 | |
| Barrage | 1 | |
| Swords | 1 | |
| Plating | 1 | |
13 total
» buildings
| Altar of Kings | 2 | |
| Barracks | 2 | |
| Farm | 12 | |
| Arcane Vault | 1 | |
| Blacksmith | 1 | |
| Keep | 1 | |
| Town Hall | 6 | |
| Lumber Mill | 1 | |
| Workshop | 1 | |
| Castle | 1 | |
28 total
» build order
03:12 Altar of Kings
03:19 Barracks
03:31 Farm
04:39 Farm
04:44 Arcane Vault
05:01 Blacksmith
06:03 Keep
07:46 Town Hall
07:53 Farm
08:01 Lumber Mill
09:21 Workshop
10:13 Farm
11:04 Farm
11:50 Farm
12:52 Farm
13:05 Castle
13:37 Farm
16:47 Farm
18:32 Farm
19:28 Farm
21:28 Farm
22:11 Barracks
24:23 Town Hall
24:33 Town Hall
24:39 Town Hall
30:06 Town Hall
31:14 Town Hall
31:46 Altar of Kings
» items
| Lesser Clarity Potion | 7 | |
| Potion of Lesser Invulnerability | 1 | |
| Scroll of Regeneration | 5 | |
| Potion of Healing | 15 | |
| Potion of Mana | 3 | |
| Healing Salve | 2 | |
| Scroll of Town Portal | 3 | |
| Orb of Lightning | 1 | |
37 total
Blahsmack (
orange | 36 APM | 2851 actions | 79:09)
8 Blood Mage
3 Flame Strike
2 Siphon Mana
1 Summon Phoenix
2 Banish
» actions
| Basic commands | 104 | |
| Build / train | 183 | |
| Enter build submenu | 59 | |
| Enter hero's abilities submenu | 8 | |
| Give item / drop item | 1 | |
| Remove unit from queue | 1 | |
| Right click | 1249 | |
| Select / deselect | 808 | |
| Use ability | 438 | |
2851 total
» units
| Peasant | 17 | |
| Goblin Shredder | 2 | |
| Goblin Zeppelin | 5 | |
| Dragonhawk Rider | 13 | |
| Sorceress | 2 | |
39 total
» upgrades
| Masonry | 3 | |
| Lumber Harvesting | 2 | |
| Magic Sentry | 1 | |
| Animal War Training | 1 | |
| Cloud | 1 | |
| Swords | 3 | |
| Armor | 3 | |
| Sorceress Training | 2 | |
16 total
» buildings
| Altar of Kings | 1 | |
| Arcane Vault | 3 | |
| Lumber Mill | 4 | |
| Farm | 11 | |
| Scout Tower | 132 | |
| Arcane Tower | 8 | |
| Guard Tower | 67 | |
| Town Hall | 3 | |
| Keep | 2 | |
| Blacksmith | 1 | |
| Castle | 2 | |
| Arcane Sanctum | 1 | |
| Barracks | 1 | |
| Gryphon Aviary | 3 | |
239 total
» build order
00:20 Altar of Kings
00:26 Arcane Vault
00:31 Lumber Mill
00:36 Farm
00:52 Farm
02:22 Scout Tower
02:23 Scout Tower
02:55 Arcane Tower
03:16 Guard Tower
04:05 Town Hall
05:29 Scout Tower
05:31 Scout Tower
05:32 Scout Tower
05:33 Scout Tower
05:34 Scout Tower
05:35 Scout Tower
05:38 Scout Tower
05:40 Scout Tower
05:45 Scout Tower
05:46 Scout Tower
05:47 Scout Tower
05:48 Scout Tower
05:49 Scout Tower
05:54 Keep
06:19 Guard Tower
06:30 Scout Tower
06:31 Scout Tower
06:39 Guard Tower
06:40 Guard Tower
06:55 Farm
06:56 Farm
07:27 Guard Tower
07:54 Blacksmith
08:00 Guard Tower
08:20 Guard Tower
08:27 Scout Tower
08:28 Scout Tower
08:43 Lumber Mill
09:24 Castle
09:32 Arcane Sanctum
09:36 Guard Tower
09:51 Scout Tower
10:03 Guard Tower
10:06 Scout Tower
10:24 Guard Tower
10:35 Guard Tower
11:00 Scout Tower
11:01 Scout Tower
11:03 Scout Tower
11:03 Scout Tower
11:05 Scout Tower
11:06 Scout Tower
11:32 Barracks
11:43 Gryphon Aviary
11:44 Gryphon Aviary
11:53 Guard Tower
12:10 Guard Tower
12:28 Scout Tower
12:29 Scout Tower
12:32 Scout Tower
12:33 Scout Tower
12:34 Scout Tower
12:35 Scout Tower
12:38 Guard Tower
13:12 Guard Tower
14:11 Guard Tower
14:26 Scout Tower
14:27 Scout Tower
14:27 Scout Tower
14:29 Scout Tower
14:30 Scout Tower
14:31 Scout Tower
14:32 Scout Tower
14:33 Scout Tower
14:34 Scout Tower
14:35 Scout Tower
14:36 Scout Tower
14:36 Scout Tower
14:39 Scout Tower
14:40 Scout Tower
14:40 Scout Tower
14:42 Scout Tower
14:42 Scout Tower
14:43 Scout Tower
16:03 Guard Tower
16:36 Guard Tower
18:14 Guard Tower
18:14 Guard Tower
18:50 Town Hall
21:29 Scout Tower
21:30 Scout Tower
21:40 Keep
21:43 Scout Tower
21:45 Scout Tower
21:45 Scout Tower
21:47 Scout Tower
21:48 Scout Tower
21:49 Scout Tower
21:50 Scout Tower
22:12 Guard Tower
22:49 Guard Tower
23:10 Guard Tower
23:11 Guard Tower
23:53 Guard Tower
23:59 Farm
24:00 Farm
24:03 Farm
24:07 Farm
24:10 Castle
24:13 Scout Tower
24:14 Scout Tower
24:48 Scout Tower
24:49 Scout Tower
24:50 Scout Tower
24:51 Scout Tower
25:03 Guard Tower
25:16 Guard Tower
25:19 Scout Tower
25:20 Scout Tower
25:20 Scout Tower
25:50 Guard Tower
25:54 Scout Tower
25:55 Scout Tower
25:56 Scout Tower
25:57 Scout Tower
25:59 Scout Tower
26:02 Scout Tower
26:22 Guard Tower
26:28 Guard Tower
26:28 Guard Tower
26:43 Guard Tower
27:21 Lumber Mill
27:49 Guard Tower
28:59 Guard Tower
30:26 Gryphon Aviary
30:46 Guard Tower
30:48 Guard Tower
30:48 Guard Tower
30:51 Guard Tower
33:32 Scout Tower
33:33 Scout Tower
33:34 Scout Tower
34:11 Lumber Mill
34:15 Guard Tower
34:19 Scout Tower
34:20 Scout Tower
34:22 Scout Tower
34:22 Scout Tower
34:23 Scout Tower
34:24 Scout Tower
34:25 Scout Tower
34:27 Scout Tower
34:28 Scout Tower
34:29 Scout Tower
34:30 Scout Tower
34:31 Scout Tower
34:35 Guard Tower
35:06 Guard Tower
35:46 Arcane Vault
36:00 Arcane Vault
36:02 Arcane Tower
36:08 Guard Tower
36:28 Scout Tower
36:54 Guard Tower
37:22 Guard Tower
37:27 Arcane Tower
37:48 Arcane Tower
37:49 Arcane Tower
38:52 Arcane Tower
38:53 Arcane Tower
40:01 Arcane Tower
40:03 Guard Tower
40:38 Farm
40:51 Guard Tower
41:14 Scout Tower
41:20 Scout Tower
41:21 Scout Tower
41:23 Scout Tower
43:18 Town Hall
44:32 Guard Tower
44:53 Scout Tower
44:54 Scout Tower
44:56 Scout Tower
45:03 Guard Tower
45:21 Guard Tower
45:23 Scout Tower
45:24 Scout Tower
45:25 Scout Tower
46:01 Guard Tower
46:06 Scout Tower
46:10 Scout Tower
46:14 Scout Tower
46:15 Scout Tower
46:17 Guard Tower
46:20 Scout Tower
46:22 Scout Tower
46:22 Scout Tower
46:23 Scout Tower
46:25 Scout Tower
46:43 Guard Tower
46:48 Scout Tower
46:50 Scout Tower
47:37 Farm
48:05 Guard Tower
48:07 Scout Tower
48:09 Scout Tower
48:10 Scout Tower
48:11 Scout Tower
48:12 Scout Tower
48:13 Scout Tower
48:15 Scout Tower
48:16 Scout Tower
48:17 Scout Tower
48:18 Scout Tower
48:54 Scout Tower
48:55 Scout Tower
48:57 Scout Tower
48:58 Scout Tower
49:00 Scout Tower
49:01 Scout Tower
49:03 Scout Tower
49:04 Scout Tower
49:08 Scout Tower
49:10 Scout Tower
49:15 Guard Tower
49:27 Guard Tower
49:50 Guard Tower
51:32 Guard Tower
51:40 Guard Tower
51:40 Guard Tower
52:17 Guard Tower
52:41 Guard Tower
56:07 Farm
» items
| Lesser Clarity Potion | 2 | |
| Scroll of Regeneration | 1 | |
| Orb of Fire | 1 | |
| Potion of Mana | 5 | |
| Staff of Teleportation | 1 | |
| Ivory Tower | 27 | |
37 total
team 2 (loser)
pluto_pluto (
pink | 55 APM | 4359 actions | 78:46)
9 Beastmaster
3 Summon Bear
3 Summon Quilbeast
1 Stampede
2 Summon Hawk
1 Demon Hunter
1 Metamorphosis
1 Dark Ranger
1 Life Drain
1 Keeper of the Grove
1 Force of Nature
» actions
| Assign group hotkey | 74 | |
| Basic commands | 95 | |
| Build / train | 304 | |
| ESC pressed | 2 | |
| Enter build submenu | 63 | |
| Enter hero's abilities submenu | 13 | |
| Remove unit from queue | 61 | |
| Right click | 1885 | |
| Select / deselect | 1126 | |
| Select group hotkey | 610 | |
| Use ability | 125 | |
4359 total
» units
| Wisp | 33 | |
| Huntress | 4 | |
| Dryad | 63 | |
| Druid of the Claw | 14 | |
| Chimaera | 40 | |
| Glaive Thrower | 16 | |
| Hippogryph | 17 | |
| Faerie Dragon | 27 | |
214 total
» upgrades
| Strength of the Wild | 3 | |
| Reinforced Hides | 6 | |
| Well Spring | 2 | |
| Ultravision | 2 | |
| Corrosive Breath | 1 | |
| Vorpal Blades | 1 | |
15 total
» buildings
| Altar of Elders | 1 | |
| Moon Well | 19 | |
| Ancient of War | 3 | |
| Hunter's Hall | 1 | |
| Tree of Ages | 1 | |
| Ancient of Lore | 3 | |
| Ancient Protector | 9 | |
| Tree of Life | 7 | |
| Tree of Eternity | 1 | |
| Ancient of Wind | 4 | |
| Chimaera Roost | 4 | |
| Ancient of Wonders | 1 | |
54 total
» build order
00:13 Altar of Elders
00:16 Moon Well
01:33 Ancient of War
01:40 Hunter's Hall
02:07 Moon Well
02:58 Tree of Ages
04:34 Moon Well
05:35 Ancient of Lore
05:39 Ancient of Lore
05:50 Ancient of Lore
05:54 Ancient Protector
07:00 Moon Well
08:33 Moon Well
09:44 Moon Well
11:28 Moon Well
11:35 Tree of Life
11:48 Tree of Eternity
11:57 Tree of Life
12:27 Ancient Protector
12:31 Ancient Protector
12:35 Ancient Protector
12:45 Ancient Protector
16:54 Ancient of Wind
18:51 Chimaera Roost
21:33 Chimaera Roost
23:28 Moon Well
26:03 Ancient Protector
26:05 Ancient Protector
26:07 Ancient Protector
31:43 Tree of Life
32:59 Tree of Life
35:49 Tree of Life
37:12 Moon Well
37:16 Moon Well
37:21 Moon Well
37:51 Ancient of War
40:51 Ancient of War
47:44 Moon Well
47:46 Moon Well
47:48 Moon Well
54:43 Ancient of Wind
54:46 Ancient of Wind
55:03 Ancient Protector
55:26 Tree of Life
62:07 Ancient of Wind
64:32 Ancient of Wonders
66:52 Tree of Life
67:38 Chimaera Roost
67:42 Chimaera Roost
73:05 Moon Well
73:21 Moon Well
74:18 Moon Well
74:58 Moon Well
75:01 Moon Well

»
cr3ative_mOmO (
red | 90 APM | 2537 actions | 28:07)
5 Demon Hunter
3 Mana Burn
2 Evasion
2 Keeper of the Grove
2 Entangling Roots
2 Dark Ranger
1 Black Arrow
1 Charm
» actions
| Assign group hotkey | 70 | |
| Basic commands | 1 | |
| Build / train | 82 | |
| Enter build submenu | 20 | |
| Enter hero's abilities submenu | 9 | |
| Remove unit from queue | 12 | |
| Right click | 1382 | |
| Select / deselect | 494 | |
| Select group hotkey | 319 | |
| Use ability | 148 | |
2537 total
» units
| Wisp | 18 | |
| Archer | 4 | |
| Huntress | 1 | |
| Dryad | 2 | |
| Druid of the Claw | 14 | |
39 total
» upgrades
| Druid of the Claw Training | 2 | |
| Strength of the Wild | 1 | |
| Reinforced Hides | 2 | |
| Mark of the Claw | 1 | |
6 total
» buildings
| Altar of Elders | 1 | |
| Moon Well | 12 | |
| Ancient of War | 1 | |
| Ancient of Wonders | 1 | |
| Tree of Ages | 1 | |
| Hunter's Hall | 1 | |
| Tree of Eternity | 1 | |
| Ancient of Lore | 2 | |
20 total
» build order
00:14 Altar of Elders
00:23 Moon Well
00:40 Ancient of War
01:32 Ancient of Wonders
01:59 Moon Well
04:00 Tree of Ages
04:05 Moon Well
04:37 Hunter's Hall
05:30 Moon Well
06:49 Moon Well
06:55 Moon Well
06:57 Moon Well
07:03 Moon Well
07:24 Tree of Eternity
08:38 Ancient of Lore
08:43 Ancient of Lore
09:41 Moon Well
09:48 Moon Well
10:44 Moon Well
19:48 Moon Well
» items
| Dust of Appearance | 1 | |
| Orb of Venom | 1 | |
| Scroll of Town Portal | 2 | |
4 total
GOKIN (
teal | 26 APM | 494 actions | 19:01)
4 Dark Ranger
2 Life Drain
2 Black Arrow
» actions
| Assign group hotkey | 8 | |
| Basic commands | 2 | |
| Build / train | 65 | |
| Enter build submenu | 19 | |
| Enter hero's abilities submenu | 4 | |
| Right click | 189 | |
| Select / deselect | 153 | |
| Select group hotkey | 6 | |
| Use ability | 48 | |
494 total
» units
| Wisp | 19 | |
| Archer | 9 | |
| Druid of the Talon | 8 | |
| Druid of the Claw | 8 | |
| Glaive Thrower | 2 | |
46 total
» upgrades
| Strength of the Moon | 1 | |
| Strength of the Wild | 3 | |
| Reinforced Hides | 1 | |
| Druid of the Claw Training | 2 | |
| Druid of the Talon Training | 2 | |
| Mark of the Claw | 1 | |
| Vorpal Blades | 1 | |
11 total
» buildings
| Altar of Elders | 1 | |
| Moon Well | 6 | |
| Ancient of War | 1 | |
| Hunter's Hall | 2 | |
| Ancient of Wonders | 1 | |
| Tree of Ages | 1 | |
| Ancient of Wind | 1 | |
| Ancient of Lore | 3 | |
| Tree of Life | 1 | |
| Tree of Eternity | 1 | |
18 total
» build order
00:14 Altar of Elders
00:20 Moon Well
01:28 Moon Well
01:53 Ancient of War
02:30 Hunter's Hall
03:00 Ancient of Wonders
03:48 Tree of Ages
04:25 Moon Well
05:32 Moon Well
07:02 Ancient of Wind
07:26 Ancient of Lore
07:39 Ancient of Lore
07:46 Ancient of Lore
08:53 Tree of Life
10:18 Hunter's Hall
10:29 Tree of Eternity
16:46 Moon Well
17:55 Moon Well
» items
Chat log
(00:04 / Allies) Blahsmack: azn ketchup leaves
(00:05 / Allies) Blahsmack: games
(00:31 / Allies) EMOboii.Rbrn: fuck
(00:41 / Allies) EMOboii.Rbrn: he is not working
(00:44 / Allies) Blahsmack: yea
(00:48 / Allies) Blahsmack: hes a leaver afker
(01:09 / Allies) EMOboii.Rbrn: rush ?
(01:11 / Allies) Blahsmack: harass
(04:27 / Allies) EMOboii.Rbrn: no units?
(04:33 / Allies) Blahsmack: im teching
(04:55 / Allies) AzN_KetChuP: then i rifle mort
(13:45 / Allies) Blahsmack: yellow
(13:48 / Allies) Blahsmack: help green
(13:51 / Allies) AzN_KetChuP: u
(13:56 / Allies) Blahsmack: see what i mean green
(14:08 / Allies) Blahsmack: ive played liek 100s of game with this faggot
(15:59 / Allies) AzN_KetChuP: lol
(16:00 / Allies) AzN_KetChuP: noob
(16:42 / Allies) AzN_KetChuP: wheres ur units faggot
(18:09 / Allies) AzN_KetChuP: thcx for ur help orange
(18:10 / All) EMOboii.Rbrn: Lol
(18:14 / Allies) AzN_KetChuP: did nothing retard
(18:17 / All) cr3ative_mOmO: ??
(19:04 / Allies) Blahsmack: wow
(19:05 / Allies) Blahsmack: wow
(19:08 / Allies) Blahsmack: wwooooowww
(19:08 / All) AzN_KetChuP: orange
(19:10 / All) AzN_KetChuP: so retarded
(19:15 / Allies) Blahsmack: shut up yellow
(19:21 / Allies) EMOboii.Rbrn: orange, yellow is good
(19:41 / All) Blahsmack: dick
(20:28 / Allies) Blahsmack: see fgreebn
(20:30 / Allies) Blahsmack: hes atker
(20:31 / Allies) Blahsmack: faggot
(20:33 / Allies) Blahsmack: we lose now
(20:36 / All) AzN_KetChuP: good
(21:44 / Allies) AzN_KetChuP: send ur units to help him orange
(21:48 / Allies) AzN_KetChuP: now
(21:54 / Allies) AzN_KetChuP: oh u dont have any
(21:56 / Allies) Blahsmack: you left pout last game yelolow at the very start
(21:59 / Allies) Blahsmack: this is payback nigger
(22:05 / Allies) AzN_KetChuP: im fine
(22:10 / Allies) Blahsmack: this payback for all the times youve left becuase you didnt like the map
(22:20 / Allies) AzN_KetChuP: im fine
(22:21 / Allies) AzN_KetChuP: green
(22:22 / Allies) EMOboii.Rbrn: ....
(22:23 / Allies) AzN_KetChuP: get a peasant out
(22:25 / Allies) AzN_KetChuP: ill own this
(22:55 / Allies) AzN_KetChuP: make units fucktard
(22:59 / Allies) AzN_KetChuP: im warnring u
(23:04 / Allies) Blahsmack: we both lose
(23:06 / Allies) Blahsmack: fine with that
(24:49 / Allies) AzN_KetChuP: fimsh then first green
(25:47 / Allies) AzN_KetChuP: b
(26:11 / Allies) AzN_KetChuP: cheapshot their expo green
(26:57 / Allies) AzN_KetChuP: will need u back here
(26:59 / Allies) AzN_KetChuP: green
(28:07 / Allies) AzN_KetChuP: then rebuild
(28:09 / Allies) EMOboii.Rbrn: i cant rebuild
(28:09 / Allies) AzN_KetChuP: i gpt any [peasants?
(29:27 / Allies) EMOboii.Rbrn: gold pls
(29:52 / Allies) EMOboii.Rbrn: i am gonna send replay
(29:57 / Allies) EMOboii.Rbrn: and let wc ban orange
(30:03 / Allies) Blahsmack: ahhahaa
(30:07 / Allies) Blahsmack: too bad the dont ban
(30:11 / Allies) Blahsmack: for towering
(30:18 / Allies) Blahsmack: or else id be gone long ago
(30:22 / Allies) EMOboii.Rbrn: yellow repair ur tank
(32:14 / Allies) AzN_KetChuP: comeback to me green
(32:17 / Allies) AzN_KetChuP: need ur herp
(40:51 / Allies) EMOboii.Rbrn: red is dumb
(40:59 / Allies) Blahsmack: pretty much
(41:13 / Allies) EMOboii.Rbrn: he decide to build creep for ur tower
(41:16 / Allies) EMOboii.Rbrn: lol
(41:28 / Allies) EMOboii.Rbrn: lets see hw many resource he can waste
(49:45 / Allies) Blahsmack: its pink whos still here
(56:05 / Allies) EMOboii.Rbrn: hw u make all hex different creep ?
(56:16 / Allies) Blahsmack: wjat
(56:18 / Allies) Blahsmack: waht
(56:25 / Allies) EMOboii.Rbrn: lyk juz now
(56:38 / Allies) EMOboii.Rbrn: how you use the bird hex everyone of them instantly
(56:40 / Allies) Blahsmack: the phoenix must set like the sun
(56:53 / Allies) EMOboii.Rbrn: ?
(56:54 / Allies) Blahsmack: oh you mean invis
(56:58 / Allies) Blahsmack: sorcs have invis spell
(57:02 / Allies) EMOboii.Rbrn: also the hex
(57:10 / Allies) Blahsmack: they cant hex allied units
(57:13 / Allies) Blahsmack: only enemy
(57:25 / Allies) EMOboii.Rbrn: i mean how you make them hex enemy so fast
(57:35 / Allies) Blahsmack: group hotkey
(57:38 / Allies) EMOboii.Rbrn: for me i have to click one at a time to hex one
(57:43 / Allies) Blahsmack: no
(57:47 / Allies) Blahsmack: you seletc all sorcs
(57:53 / Allies) EMOboii.Rbrn: ok
(57:56 / Allies) Blahsmack: then tell them to hex units
(57:59 / Allies) Blahsmack: 1 at a time
(58:40 / Allies) EMOboii.Rbrn: mean u must click on the enenmy ?
(58:45 / Allies) Blahsmack: yes
(58:48 / Allies) Blahsmack: use shift select
(58:49 / Allies) EMOboii.Rbrn: everyone of them ?
(58:53 / Allies) Blahsmack: to que up actions
(59:07 / Allies) EMOboii.Rbrn: que up ?
(63:18 / Allies) EMOboii.Rbrn: when did your hero gain lv till7 ?
(66:20 / Allies) EMOboii.Rbrn: y ur hero can keep gaining lv /
(66:27 / Allies) Blahsmack: my units
(66:30 / Allies) Blahsmack: gain exp
(66:32 / Allies) Blahsmack: for him
(66:40 / Allies) Blahsmack: i killed millions of his siege units earlier
(66:50 / Allies) Blahsmack: which got me 6 levl
(67:04 / Allies) EMOboii.Rbrn: u mean u kill the tank ?
(70:14 / All) Blahsmack: quit noob